[Event "*** Titled Tuesday Blitz"]
[Site "Chess.com"]
[Date "2019.05.07"]
[Round "6"]
[White "PaulfromSPb"]
[Black "novocane"]
[Result "1-0"]
[WhiteElo "2671"]
[BlackElo "2239"]
[TimeControl "180+2"]
[EndTime "14:22:39 PDT"]
[Termination "PaulfromSPb won by resignation"]

1. e4 c5 2. Ne2 Nc6 3. g3 g6 4.
Bg2 Bg7 5. c3 d6 6. d4 cxd4 7.
cxd4 Nf6 8. Nbc3 O-O 9. h3 a6 10. O-O Qc7 11. Be3 b5 12. Rc1 Bb7 13. d5 Ne5 14.
Nxb5 Qa5 15. Na3 Rac8 16. f4 Ned7 17. Qb3 Ba8 18. Nc4 Qd8 19. Nd4 Nc5 20. Qc2 e5 21. fxe5 dxe5 22. Nc6 Rxc6 23. dxc6 Ne6 24. Nxe5 Nxe4 25.
Qxe4 1-0

[Event "*** Titled Tuesday Blitz"]
[Site "Chess.com"]
[Date "2019.05.07"]
[Round "6"]
[White "Alex_Terzi"]
[Black "OneTrickPony_82"]
[Result "1-0"]
[WhiteElo "2495"]
[BlackElo "2332"]
[TimeControl "180+2"]
[EndTime "14:22:59 PDT"]
[Termination "Alex_Terzi won by resignation"]

1. e4 e5 2. Nf3 Nc6 3. Bc4 Nf6 4. d3 Bc5 5. c3 d6 6. Bb3 a6 7. Nbd2 h6 8. Nf1 O-O 9. Ng3 d5 10. Qe2 Re8 11. O-O a5 12. a4 b6 13.
Rd1 Ba6 14. Qe1 Qd7 15. Be3 d4 16. cxd4 Nxd4 17. Nxd4 Bxd4 18. Bxd4 Qxd4 19. Qc3 Qxc3 20. bxc3 Rad8 21. Bc2 Rd7 22. Nf5 g6 23. Ne3 Red8 24.
c4 Rd4 25. g3 Nd7 26. Nd5 c6 27. Ne7+ Kf8 28. Nxc6 Rd6 29. Nxd8 1-0

[Event "*** Titled Tuesday Blitz"]
[Site "Chess.com"]
[Date "2019.05.07"]
[Round "6"]
[White "Micki-taryan"]
[Black "EfrenRamos1"]
[Result "1-0"]
[WhiteElo "3022"]
[BlackElo "2325"]
[TimeControl "180+2"]
[EndTime "14:23:02 PDT"]
[Termination "Micki-taryan won by checkmate"]

1. d4 d5 2. c4 c6 3. Nf3 Nf6 4. Nc3 g6 5. cxd5 cxd5 6. Ne5 Nc6 7. Nxc6 bxc6 8. g3 Bg7 9. Bg2 O-O 10. O-O Nd7 11. Na4 e5 12. Be3 e4 13. Rc1 Qf6 14.
Qc2 Ba6 15. Rfe1 Rfc8 16. Bh3 Qd6 17. Nc5 Nxc5 18. Qxc5 Qxc5 19. Rxc5 Rc7 20. Rec1 Bb7 21. Kf1 Re7 22. b4 a6 23. Ke1 f5 24. Kd2 Bf6 25. Bg2 Re6 26. a3 Be7 27. Ra5 Bd8 28. Bf4 g5 29.
Be5 Bxa5 30. bxa5 Kf7 31. f4 g4 32. e3 Rh6 33. Rh1 Ke6 34. h4 Rc8 35. Rb1 Ba8 36.
Rb6 Rg6 37. Bf1 Rgg8 38. Bxa6 Rce8 39. Be2 Kd7 40. a6 h5 41. a7 Rc8 42. Rb8 c5 43. dxc5 Kc6 44. Ba6 Rce8 45. Bd6 Rd8 46. Bb5# 1-0

[Event "*** Titled Tuesday Blitz"]
[Site "Chess.com"]
[Date "2019.05.07"]
[Round "6"]
[White "Kangoroo3000"]
[Black "Berardino"]
[Result "0-1"]
[WhiteElo "2643"]
[BlackElo "2527"]
[TimeControl "180+2"]
[EndTime "14:23:08 PDT"]
[Termination "Berardino won by checkmate"]

1. d4 Nf6 2. c4 g6 3. Nc3 Bg7 4. e4 d6 5. Be2 O-O 6. Be3 c5 7. d5 e6 8. Nf3 exd5 9. cxd5 b5 10. e5 Ng4 11. Bg5 Qb6 12. exd6 b4 13. Ne4 Bf5 14. Nfd2 f6 15. Bf4 Bxe4 16. Nxe4 f5 17. Ng5 Bxb2 18. Ne6 Bc3+ 19. Bd2 Qxd6 20. Bxc3 bxc3 21.
O-O Qxh2# 0-1

[Event "*** Titled Tuesday Blitz"]
[Site "Chess.com"]
[Date "2019.05.07"]
[Round "6"]
[White "gemarin"]
[Black "PawnEatingZombie"]
[Result "0-1"]
[WhiteElo "2082"]
[BlackElo "2162"]
[TimeControl "180+2"]
[EndTime "14:23:14 PDT"]
[Termination "PawnEatingZombie won by resignation"]

1. d4 d5 2. c4 e6 3. Nc3 Bb4 4.
Nf3 dxc4 5. Qa4+ Nc6 6. Ne5 Qxd4 7. Nxc6 Bxc3+ 8. bxc3 Qxc3+ 9. Kd1 Bd7 10. Qb4 Qxa1 11. Qxb7 Rc8 12. e3 Qxa2 13. Nxa7 Rd8 14. Ke1 Ne7 15. Be2 O-O 16. Qxc7 Nd5 17. Bxc4 Qc2 0-1

[Event "*** Titled Tuesday Blitz"]
[Site "Chess.com"]
[Date "2019.05.07"]
[Round "6"]
[White "Eliwood44"]
[Black "TheBigBadChessDad"]
[Result "1-0"]
[WhiteElo "2247"]
[BlackElo "2305"]
[TimeControl "180+2"]
[EndTime "14:23:14 PDT"]
[Termination "Eliwood44 won on time"]

1. d4 Nf6 2. Nf3 e6 3. e3 b6 4.
c4 Bb7 5. Nc3 d5 6. cxd5 exd5 7.
Ne5 a6 8. Bd3 Bd6 9. f4 O-O 10.
O-O c5 11. Bd2 Nc6 12. Ne2 Re8 13. Be1 Ne4 14. Rc1 1-0

[Event "*** Titled Tuesday Blitz"]
[Site "Chess.com"]
[Date "2019.05.07"]
[Round "6"]
[White "Frolik67"]
[Black "Veiso"]
[Result "0-1"]
[WhiteElo "2576"]
[BlackElo "2385"]
[TimeControl "180+2"]
[EndTime "14:23:23 PDT"]
[Termination "Veiso won by resignation"]

1. e4 c5 2. d4 cxd4 3. c3 Nf6 4. e5 Nd5 5. cxd4 e6 6. Nc3 Nxc3 7. bxc3 d6 8. exd6 Bxd6 9. Bd3 Nc6 10. h4 Qa5 11.
Bd2 b6 12. Qf3 Bb7 13. Be4 Rc8 14. Qg4 g6 15. h5 f5 16. Qh3 fxe4 17. hxg6 Qf5 18.
Qh6 Kd7 19. g7 Rhg8 20. Rh5 Qg6 21. d5 exd5 22. Rxd5 Qxh6 23. Bxh6 Ne5 24. Rd4 Rxc3 25. Ne2 Rc2 26. Rad1 Nd3+ 27. Kf1 Ke6 28. f3 Be5 29. fxe4 Rxe2 30. Kxe2 Bxd4 31. Kxd3 Bxg7 32. Bf4 Be5 33. g3 Bxf4 34. gxf4 Rd8+ 0-1

[Event "*** Titled Tuesday Blitz"]
[Site "Chess.com"]
[Date "2019.05.07"]
[Round "6"]
[White "hellokostya"]
[Black "LastHeroJr"]
[Result "0-1"]
[WhiteElo "2521"]
[BlackElo "2494"]
[TimeControl "180+2"]
[EndTime "14:23:25 PDT"]
[Termination "LastHeroJr won by resignation"]

1. d4 Nf6 2. c4 g6 3. Nc3 Bg7 4. e4 O-O 5. h3 d6 6. Be3 c6 7. g4 a6 8. a3 b5 9. Qd2 Nbd7 10. f4 c5 11. d5 b4 12. axb4 cxb4 13. Nd1 Nxe4 14.
Qxb4 Rb8 15. Qa5 Qxa5+ 16. Rxa5 Bxb2 17. Rh2 Bg7 18. Nf3 Ndc5 19. Nd4 Bd7 20. Rc2 Bxd4 21. Bxd4 Nb3 22. Bc3 Nxc3 0-1

[Event "*** Titled Tuesday Blitz"]
[Site "Chess.com"]
[Date "2019.05.07"]
[Round "6"]
[White "Arystanner"]
[Black "Firouzja2003"]
[Result "0-1"]
[WhiteElo "2762"]
[BlackElo "3065"]
[TimeControl "180+2"]
[EndTime "14:23:33 PDT"]
[Termination "Firouzja2003 won by resignation"]

1. e4 e6 2. d4 d5 3. Nd2 Be7 4. Bd3 c5 5. dxc5 Nf6 6. Qe2 a5 7. Ngf3 Na6 8. O-O Nxc5 9. e5 Nxd3 10. cxd3 Nd7 11. Nd4 O-O 12. f4 Nc5 13. N2f3 Qd7 14. Be3 b6 15. Rad1 Ba6 16. g4 Rae8 17. Kh1 f6 18. exf6 Bxf6 19. g5 Bxd4 20. Nxd4 e5 21.
fxe5 Rxf1+ 22. Qxf1 Rxe5 23. Bf4 Re4 24. dxe4 Bxf1 25.
Rxf1 dxe4 26. Be5 Nd3 0-1

[Event "*** Titled Tuesday Blitz"]
[Site "Chess.com"]
[Date "2019.05.07"]
[Round "6"]
[White "FearNoEvil12"]
[Black "aa175"]
[Result "0-1"]
[WhiteElo "2010"]
[BlackElo "1969"]
[TimeControl "180+2"]
[EndTime "14:23:44 PDT"]
[Termination "aa175 won by checkmate"]

1. e4 c5 2. Nc3 a6 3. a4 e6 4.
f4 Nc6 5. Nf3 Nf6 6. d3 Be7 7. g3 O-O 8. Bg2 d5 9. e5 Nd7 10. O-O Rb8 11. Ne2 b5 12. axb5 axb5 13. c3 b4 14. d4 c4 15. Kh1 b3 16. g4 Re8 17. Ng3 Nf8 18. Qe2 Bd7 19. Be3 Ra8 20.
Rae1 Ra2 21. Bc1 Na7 22. f5 Nc8 23. Nh5 exf5 24. gxf5 Bxf5 25. Rg1 Ng6 26. Qf2 Be4 27. Nd2 Bh4 28. Qf1 Bd3 29. Qf3 Bxe1 30. Rxe1 Ra1 31. Rg1 Qg5 32. Bh3 Rxc1 33. Rxc1 Qxd2 34. Rd1 Be4 35.
Rxd2 Bxf3+ 36. Kg1 Bxh5 37. Bg2 Nf4 38. Bh1 Ne7 39.
Kf2 Nd3+ 40. Kg3 Nf5+ 41. Kh3 Nf4# 0-1

[Event "*** Titled Tuesday Blitz"]
[Site "Chess.com"]
[Date "2019.05.07"]
[Round "6"]
[White "kacprekt"]
[Black "FearlessKing64"]
[Result "1/2-1/2"]
[WhiteElo "2313"]
[BlackElo "2224"]
[TimeControl "180+2"]
[EndTime "14:24:13 PDT"]
[Termination "Game drawn by agreement"]

1. d4 Nf6 2. c4 g6 3. Nc3 d5 4.
Qb3 dxc4 5. Qxc4 Bg7 6. Bf4 c6 7. e4 O-O 8. Be2 b5 9. Qb3 a5 10. a3 Be6 11. Qd1 Na6 12. Nf3 b4 13. axb4 axb4 14. Rxa6 Rxa6 15. Bxa6 bxc3 16. bxc3 Nxe4 17.
Qc2 Qa5 18. O-O Nxc3 19. Bd3 Nd5 20. Bd2 Qa7 21. Qxc6 Bxd4 22. Nxd4 Qxd4 23. Qc4 Qxc4 24. Bxc4 Rc8 25. Bxd5 Bxd5 26. h4 f6 27. Be3 Kf7 28. Kh2 Rc7 29. Kg3 e5 30. Rc1 Rd7 31. Rd1 f5 32. f4 e4 33. Ra1 Ke6 34. Ra6+ Rd6 35. Rxd6+ Kxd6 36. Kf2 Kc6 37. g3 Kb5 38. Bd4 Kc4 39.
Be3 Kd3 40. Ba7 Bb3 41. Be3 Bd1 42. Ba7 Bg4 43. Be3 1/2-1/2

[Event "*** Titled Tuesday Blitz"]
[Site "Chess.com"]
[Date "2019.05.07"]
[Round "6"]
[White "GCamachoMartinez"]
[Black "Chebure"]
[Result "1-0"]
[WhiteElo "2374"]
[BlackElo "2603"]
[TimeControl "180+2"]
[EndTime "14:24:14 PDT"]
[Termination "GCamachoMartinez won by resignation"]

1. d4 d5 2. c4 Nc6 3. cxd5 Qxd5 4.
e3 e5 5. Nc3 Bb4 6. Bd2 Bxc3 7.
bxc3 Nge7 8. c4 Qd6 9. d5 Nb8 10. e4 Nd7 11. Ne2 O-O 12. Nc3 a6 13. Be2 Nc5 14. O-O f5 15. exf5 Nxf5 16. Bc1 Nd4 17.
Ba3 b6 18. Ne4 Qg6 19. Bxc5 Qxe4 20. Bd3 Qh4 21. Bxf8 Kxf8 22. f4 Kg8 23. fxe5 Bg4 24. Qd2 Re8 25. Qf4 1-0

[Event "*** Titled Tuesday Blitz"]
[Site "Chess.com"]
[Date "2019.05.07"]
[Round "6"]
[White "dopolian"]
[Black "ruvat"]
[Result "0-1"]
[WhiteElo "2250"]
[BlackElo "2345"]
[TimeControl "180+2"]
[EndTime "14:24:32 PDT"]
[Termination "ruvat won by resignation"]

1. Nf3 d6 2. c4 g6 3. d4 Bg7 4. Nc3 Nc6 5. g3 Nf6 6. Bg2 O-O 7. O-O Nd7 8. e4 e5 9. d5 Nd4 10. Be3 Nxf3+ 11. Bxf3 f5 12. exf5 gxf5 13. Bg2 f4 14.
Bd2 Nf6 15. Ne4 Nxe4 16. Bxe4 Bf5 17. Qc2 Qf6 18. Bxf5 Qxf5 19. Qxf5 Rxf5 20. Rae1 Raf8 21. b4 h5 22. Re4 Kh7 23. gxf4 Bh6 24. Rfe1 Bxf4 25.
Bxf4 Rxf4 26. R1e2 Kg6 27. c5 Rxe4 28. Rxe4 Rf4 29. Rxf4 exf4 30. Kg2 Kf5 31. Kf3 Ke5 32. cxd6 cxd6 33. a3 b5 34. h3 a6 35. h4 Kf5 36. Kg2 Ke4 37. Kf1 Kxd5 38. Ke2 Ke4 39. f3+ Kd4 40. Kd2 d5 41. Kc2 Ke3 42. Kc3 d4+ 43. Kc2 Ke2 0-1

[Event "*** Titled Tuesday Blitz"]
[Site "Chess.com"]
[Date "2019.05.07"]
[Round "6"]
[White "jefferyx"]
[Black "Shant_Sargsyan"]
[Result "1/2-1/2"]
[WhiteElo "2912"]
[BlackElo "2961"]
[TimeControl "180+2"]
[EndTime "14:24:42 PDT"]
[Termination "Game drawn by agreement"]

1. d4 Nf6 2. c4 e6 3. Nc3 Bb4 4. Nf3 d5 5. Qb3 c5 6. dxc5 Na6 7. a3 Bxc3+ 8. Qxc3 Nxc5 9. cxd5 Qxd5 10. Be3 Nce4 11. Qd4 Bd7 12. Ne5 Qxd4 13. Bxd4 Bb5 14. f3 Nd6 15. Rc1 O-O 16. e4 Rfc8 17. Rxc8+ Rxc8 18. Kd2 a6 19. Bd3 Bxd3 20. Kxd3 Nb5 21. Bb6 Kf8 22. a4 Nd6 23. b4 Ke8 24. Bc5 Rd8 25.
Ke2 Nc8 26. Rc1 Nd7 27. Nxd7 Kxd7 28. Bd4 f6 29. e5 f5 30. b5 axb5 31. axb5 Ke8 32.
Rc7 Rxd4 33. Rxc8+ Rd8 34. Rc7 Rd7 35. Rc8+ Rd8 36.
Rc7 Rd7 37. Rc8+ 1/2-1/2

[Event "*** Titled Tuesday Blitz"]
[Site "Chess.com"]
[Date "2019.05.07"]
[Round "6"]
[White "Koksal06"]
[Black "HansCoolNiemann"]
[Result "1-0"]
[WhiteElo "2506"]
[BlackElo "2495"]
[TimeControl "180+2"]
[EndTime "14:24:47 PDT"]
[Termination "Koksal06 won by resignation"]

1. d4 d5 2. c4 c6 3. Nc3 e6 4. e3 f5 5. Bd3 Nf6 6. Nf3 Bd6 7. O-O Nbd7 8. b3 a6 9. Bb2 O-O 10. Ne2 Ne4 11. Ne5 Nxe5 12. dxe5 Bc7 13. f3 Ng5 14. cxd5 exd5 15. f4 Ne4 16. Ng3 Be6 17.
Nxe4 fxe4 18. Be2 c5 19. Bg4 Qd7 20. f5 Bxf5 21. Rxf5 Rxf5 22. Bxf5 Qxf5 23. Qxd5+ Qf7 24. e6 Qe7 25. Rf1 Rd8 26. Rf7 Bxh2+ 27. Kh1 Qh4 28. Rxg7+ Kh8 29. Qxd8+ Qxd8 30. Rd7+ 1-0

[Event "*** Titled Tuesday Blitz"]
[Site "Chess.com"]
[Date "2019.05.07"]
[Round "6"]
[White "eldur16"]
[Black "MITerryble"]
[Result "0-1"]
[WhiteElo "2555"]
[BlackElo "2818"]
[TimeControl "180+2"]
[EndTime "14:24:51 PDT"]
[Termination "MITerryble won by resignation"]

1. d4 Nf6 2. c4 d6 3. Nc3 Nbd7 4.
Nf3 e5 5. e4 Be7 6. Be2 O-O 7.
O-O c6 8. Re1 a6 9. Bf1 b5 10.
a3 Bb7 11. b4 Re8 12. Rb1 Bf8 13.
cxb5 cxb5 14. d5 Nb6 15. Be3 Ng4 16. Bg5 Be7 17. Bxe7 Rxe7 18. Nd2 Rc7 19. Rc1 Qh4 20.
Nf3 Qxf2+ 21. Kh1 Rac8 22. h3 Ne3 23. Qd3 Nxf1 24. Rxf1 Rxc3 0-1

[Event "*** Titled Tuesday Blitz"]
[Site "Chess.com"]
[Date "2019.05.07"]
[Round "6"]
[White "rookoco"]
[Black "DanielNaroditsky"]
[Result "1-0"]
[WhiteElo "2780"]
[BlackElo "3110"]
[TimeControl "180+2"]
[EndTime "14:24:54 PDT"]
[Termination "rookoco won by checkmate"]

1. e4 e5 2. Nf3 Nc6 3. Bc4 Bc5 4.
O-O Nf6 5. d3 a6 6. a4 Ba7 7. Nc3 d6 8. h3 h6 9. Ne2 g5 10. Ng3 g4 11. Nh4 gxh3 12. Nhf5 Rg8 13. Qf3 Nd4 14. Nxd4 Bg4 15. Qe3 Bxd4 16. Qxh6 hxg2 17.
Kxg2 d5 18. exd5 Rg6 19. Qh8+ Rg8 20. Qh6 Qd7 21. Qxf6 Bh3+ 22. Kh2 Bxf1 23. Nxf1 Rg6 24. Qh8+ Ke7 25. Qh4+ Kd6 26. Ng3 f5 27. Qh5 Rf6 28. Bg5 Rff8 29. Qg6+ Kc5 30. c3 Bxc3 31. bxc3 Rg8 32.
Be3# 1-0

[Event "*** Titled Tuesday Blitz"]
[Site "Chess.com"]
[Date "2019.05.07"]
[Round "6"]
[White "GelmanAlexander"]
[Black "korason34"]
[Result "1-0"]
[WhiteElo "2592"]
[BlackElo "2579"]
[TimeControl "180+2"]
[EndTime "14:24:58 PDT"]
[Termination "GelmanAlexander won by resignation"]

1. d4 d5 2. Nc3 Nf6 3. Bf4 e6 4. Nb5 Na6 5. e3 Bb4+ 6. c3 Be7 7. Nf3 c6 8. Na3 O-O 9. Bd3 Qb6 10. Rb1 c5 11. O-O c4 12. Bc2 Nb8 13. e4 Nc6 14. e5 Nd7 15. Re1 Re8 16. h4 Nf8 17. Ng5 h6 18. Qh5 hxg5 19. hxg5 g6 20. Qh4 Nh7 21. Re3 Kg7 22. Qh6+ Kg8 23. Rh3 Bxa3 24. Qxh7+ Kf8 25.
bxa3 Qa5 26. Qh8+ Ke7 27. Qf6+ Kd7 28. Rh7 Re7 29. Rxf7 b5 30. Bxg6 a6 31. Rxe7+ Nxe7 32. Bf7 Qb6 33. g6 Bb7 34. Bg5 1-0

[Event "*** Titled Tuesday Blitz"]
[Site "Chess.com"]
[Date "2019.05.07"]
[Round "6"]
[White "severomorskij"]
[Black "ShimanovAlex"]
[Result "0-1"]
[WhiteElo "2769"]
[BlackElo "2848"]
[TimeControl "180+2"]
[EndTime "14:25:00 PDT"]
[Termination "ShimanovAlex won by resignation"]

1. d4 Nf6 2. c4 e6 3. Nc3 d5 4. cxd5 exd5 5. Bg5 c6 6. e3 Qb6 7.
Bxf6 Qxb2 8. Rc1 gxf6 9. Bd3 Bg4 10. Nge2 Bxe2 11. Nxe2 Bb4+ 12. Kf1 Qxa2 13. Rc2 Qa5 14. g3 Nd7 15. Kg2 Bd6 16. Nc3 Qd8 17. Qh5 Nb6 18.
Bf5 Bb4 19. e4 dxe4 20. Re1 h6 21. Rxe4+ Kf8 22. Ne2 Nd5 23. Nf4 Nxf4+ 24. Rxf4 Qd5+ 25. Kh3 Bd6 26. Re4 a5 27. Rce2 a4 28. Qh4 Qxf5+ 29.
g4 Qf3+ 0-1

[Event "*** Titled Tuesday Blitz"]
[Site "Chess.com"]
[Date "2019.05.07"]
[Round "6"]
[White "GameOverBro"]
[Black "The_Chess_Coach"]
[Result "1-0"]
[WhiteElo "2423"]
[BlackElo "2179"]
[TimeControl "180+2"]
[EndTime "14:25:15 PDT"]
[Termination "GameOverBro won by checkmate"]

1. e4 e6 2. d4 d5 3. Nd2 Nf6 4. e5 Nfd7 5. f4 c5 6. c3 Nc6 7.
Ndf3 cxd4 8. cxd4 Qb6 9. a3 a5 10. b3 a4 11. b4 f6 12. Bd3 Be7 13. Ne2 O-O 14. h4 fxe5 15. Nxe5 Ndxe5 16. fxe5 Bd7 17. h5 Nxe5 18. dxe5 Qf2+ 19. Kd2 Rac8 20. Qg1 Bg5+ 21. Kd1 Bxc1 22. Qxf2 Rxf2 23. Rxc1 Rcf8 24. Rc7 Be8 25. h6 g6 26. Rg7+ Kh8 27. Nd4 Ra2 28. Bb1 Ra1 29. Kc1 Rf2 30. Nxe6 g5 31. Nxg5 Bg6 32. Rxg6 hxg6 33.
e6 Re2 34. Rf1 Rxa3 35. Rf8# 1-0

[Event "*** Titled Tuesday Blitz"]
[Site "Chess.com"]
[Date "2019.05.07"]
[Round "6"]
[White "Heineccius"]
[Black "fidezivkovic"]
[Result "1-0"]
[WhiteElo "2500"]
[BlackElo "2283"]
[TimeControl "180+2"]
[EndTime "14:25:16 PDT"]
[Termination "Heineccius won on time"]

1. d4 Nf6 2. c4 e6 3. Nc3 Bb4 4.
g3 c5 5. Nf3 cxd4 6. Nxd4 Qa5 7. Qc2 Ne4 8. Bg2 Nxc3 9. O-O Na4 10. a3 Be7 11. Nb5 Na6 12. b4 Qd8 13. Qxa4 O-O 14. c5 Nc7 15. Nd6 Bxd6 16. cxd6 Nd5 17. e4 Nb6 18.
Qb3 e5 19. Be3 Kh8 20. a4 Qf6 21. a5 1-0

[Event "*** Titled Tuesday Blitz"]
[Site "Chess.com"]
[Date "2019.05.07"]
[Round "6"]
[White "SantoBlue"]
[Black "vovachesss"]
[Result "0-1"]
[WhiteElo "2762"]
[BlackElo "2538"]
[TimeControl "180+2"]
[EndTime "14:25:19 PDT"]
[Termination "vovachesss won by resignation"]

1. e4 c5 2. Nf3 a6 3. c3 e6 4. d4 cxd4 5. cxd4 d5 6. e5 Ne7 7. Bd3 Nf5 8. Nc3 Nc6 9. Bxf5 exf5 10. O-O Be7 11. Qb3 Be6 12. Ne2 O-O 13. Bd2 b5 14. Rac1 Qb6 15. Qd3 Rac8 16. Ng3 g6 17. a3 Rc7 18. h4 Rfc8 19. h5 b4 20. a4 Kg7 21. h6+ Kg8 22. b3 f6 23. Rce1 fxe5 24.
Nxe5 Qxd4 25. Qxa6 Qxd2 26. Nf3 Qc2 27. Rxe6 Qxb3 28.
Rc1 Bf8 29. Rexc6 Rxc6 30. Rxc6 Rxc6 31. Qxc6 d4 32. Qd7 Bxh6 33. Qd8+ Kg7 34. Qxd4+ Kg8 35. Qd8+ Kg7 36. Qd7+ Kg8 37. Qe8+ Kg7 38. Ne5 Qd5 39. Qe7+ Kg8 40. Nd7 Qf7 41. Qd8+ Kg7 42. Ne5 Qf6 43. Qd7+ Kg8 44. Qe8+ Bf8 45. Nd7 Qe7 46. Qc8 b3 47.
Qc4+ Qf7 48. Qb5 b2 49. Ne5 Qa2 50. Qd7 b1=Q+ 51. Kh2 Qb8 52. Nc6 Qd6 53. Qc8 Qae6 0-1

[Event "*** Titled Tuesday Blitz"]
[Site "Chess.com"]
[Date "2019.05.07"]
[Round "6"]
[White "superstructure"]
[Black "pedroholly22"]
[Result "1-0"]
[WhiteElo "2353"]
[BlackElo "2292"]
[TimeControl "180+2"]
[EndTime "14:25:23 PDT"]
[Termination "superstructure won by resignation"]

1. e4 c5 2. Nf3 d6 3. d4 cxd4 4.
Nxd4 Nf6 5. Nc3 g6 6. Be3 Bg7 7. f3 O-O 8. Qd2 Nc6 9. g4 d5 10. g5 Nh5 11. exd5 Nxd4 12. Bxd4 Bxd4 13. Qxd4 e5 14.
Qd2 f6 15. Rg1 fxg5 16. Rxg5 Rxf3 17. O-O-O Rf5 18. Rg1 Nf4 19. Ne4 Qh4 20. Kb1 b6 21. Bb5 Bb7 22. Bc6 Qe7 23. Bxb7 Qxb7 24. Nd6 Qd7 25. Nxf5 Qxf5 26. d6 Rd8 27. d7 Kf7 28. Qd6 Qe6 29. Qc7 a5 30. Qxd8 1-0

[Event "*** Titled Tuesday Blitz"]
[Site "Chess.com"]
[Date "2019.05.07"]
[Round "6"]
[White "Fins0905"]
[Black "Vamostodorecto"]
[Result "1-0"]
[WhiteElo "2669"]
[BlackElo "2405"]
[TimeControl "180+2"]
[EndTime "14:25:28 PDT"]
[Termination "Fins0905 won by resignation"]

1. d4 Nf6 2. c4 g6 3. Nc3 d5 4. cxd5 Nxd5 5. Bd2 Bg7 6. e4 Nxc3 7. Bxc3 c5 8. d5 Bxc3+ 9. bxc3 O-O 10. Nf3 Bg4 11. Be2 Bxf3 12. Bxf3 Qd6 13. O-O Nd7 14. g3 b6 15. Bg2 e5 16. f4 c4 17. Qg4 Rac8 18. Kh1 Rc7 19. f5 Kg7 20. Rf2 Nc5 21. f6+ Kh8 22.
Qg5 Nd3 23. Rf3 Rg8 24. Raf1 b5 25. g4 Nf4 26. Rxf4 exf4 27. e5 Qa3 28. Qxf4 Qxc3 29.
e6 Qa5 30. d6 Rc5 31. e7 b4 32. d7 Rd5 33. e8=Q 1-0

[Event "*** Titled Tuesday Blitz"]
[Site "Chess.com"]
[Date "2019.05.07"]
[Round "6"]
[White "adriangschnitzer"]
[Black "slowdumbb"]
[Result "1/2-1/2"]
[WhiteElo "2417"]
[BlackElo "2537"]
[TimeControl "180+2"]
[EndTime "14:25:35 PDT"]
[Termination "Game drawn by agreement"]

1. e4 c5 2. Nf3 Nc6 3. d4 cxd4 4. Nxd4 e5 5. Nb5 a6 6. Nd6+ Bxd6 7. Qxd6 Qe7 8. Qxe7+ Ngxe7 9. Nc3 d5 10. exd5 Nb4 11.
Bd3 Nxd3+ 12. cxd3 Bf5 13. Be3 O-O-O 14. O-O-O Nxd5 15. Nxd5 Rxd5 16. d4 Kb8 17. Rd2 Rc8+ 18.
Kd1 exd4 19. Bxd4 Rcd8 20. Be3 Bb1 21. a3 Ba2 22. Rxd5 Bxd5 23. Ke2 Bxg2 24. Rg1 Be4 25.
Rxg7 Bd3+ 26. Kf3 Bg6 27. h4 Kc7 28. Kg3 h5 29. f4 Rd5 30. Rg8 Kc6 31. Rc8+ Kd7 32.
Rc5 Rd3 33. Kf2 Ke6 34. Re5+ Kf6 35. Ke2 1/2-1/2

[Event "*** Titled Tuesday Blitz"]
[Site "Chess.com"]
[Date "2019.05.07"]
[Round "6"]
[White "WorldChampionBulletChess"]
[Black "Walter_White_Poland"]
[Result "0-1"]
[WhiteElo "2098"]
[BlackElo "2276"]
[TimeControl "180+2"]
[EndTime "14:25:36 PDT"]
[Termination "Walter_White_Poland won by resignation"]

1. Nf3 c5 2. g3 Nc6 3. Bg2 g6 4. d3 Bg7 5. O-O d6 6. e4 e6 7. Re1 Nge7 8. c3 O-O 9. Nbd2 Rb8 10. Rb1 b5 11. a3 a5 12. Nf1 b4 13. axb4 axb4 14.
cxb4 Rxb4 15. Qc2 Bd7 16. Bd2 Rb6 17. h4 h5 18. Bc3 Qb8 19. Bxg7 Kxg7 20. Qc3+ Kg8 21.
d4 Rb3 22. Qd2 Rxf3 23. Bxf3 Nxd4 24. Bd1 Nec6 25. Qh6 Ne5 26. Kg2 Qb4 27. Re3 Bc6 28.
f4 Nf5 29. Qg5 f6 0-1

[Event "*** Titled Tuesday Blitz"]
[Site "Chess.com"]
[Date "2019.05.07"]
[Round "6"]
[White "PowerThinking2650"]
[Black "Vincent_Vega95"]
[Result "0-1"]
[WhiteElo "2386"]
[BlackElo "2663"]
[TimeControl "180+2"]
[EndTime "14:25:39 PDT"]
[Termination "Vincent_Vega95 won on time"]

1. e4 c5 2. Nf3 d6 3. Nc3 a6 4. a4 e6 5. g3 Nf6 6. Bg2 Be7 7. O-O O-O 8. d4 cxd4 9. Nxd4 Qc7 10. g4 Nc6 11. g5 Nd7 12. Nde2 Rb8 13. f4 Re8 14. Be3 b5 15. axb5 axb5 16. Ng3 Na5 17.
f5 Nc4 18. Bd4 b4 19. fxe6 fxe6 20. Qh5 g6 21. Qh6 Bf8 22. Rxf8+ Nxf8 23. Ra7 Rb7 24. Nb5 Qd7 25. Rxb7 Bxb7 26. Bf6 Ba6 27. Nd4 Qf7 28.
Bf1 Nd7 29. b3 Nxf6 30. gxf6 Qxf6 31. Nc6 Bb7 32. Nxb4 Qd4+ 33. Kg2 Nd2 34. Bd3 Qxb4 0-1

[Event "*** Titled Tuesday Blitz"]
[Site "Chess.com"]
[Date "2019.05.07"]
[Round "6"]
[White "zurzan"]
[Black "Casablanca"]
[Result "0-1"]
[WhiteElo "1986"]
[BlackElo "2147"]
[TimeControl "180+2"]
[EndTime "14:25:49 PDT"]
[Termination "Casablanca won by resignation"]

1. e4 c5 2. d3 Nc6 3. Nf3 g6 4. Qe2 Bg7 5. c3 e5 6. g3 Nge7 7. Bg2 O-O 8. O-O d5 9. Rd1 h6 10. Na3 Be6 11. Nc2 d4 12. h3 Kh7 13. Kh2 Qd7 14. Nh4 f5 15. f4 fxe4 16. Bxe4 Nf5 17.
Bxf5 Bxf5 18. Nxf5 Qxf5 19. cxd4 exd4 20. Ne1 Rae8 21.
Qg2 Re7 22. Bd2 Rfe8 23. g4 Qf7 24. Kh1 Re2 25. Qf3 c4 26. f5 gxf5 27. Qxf5+ Qxf5 28. gxf5 Ne5 29. dxc4 Nxc4 30. Bf4 Nxb2 31. Rdb1 d3 32. Nf3 Nc4 33. Ng1 Bxa1 34. Nxe2 dxe2 0-1

[Event "*** Titled Tuesday Blitz"]
[Site "Chess.com"]
[Date "2019.05.07"]
[Round "6"]
[White "NateSolon"]
[Black "NemtsevIgor"]
[Result "1-0"]
[WhiteElo "2499"]
[BlackElo "2254"]
[TimeControl "180+2"]
[EndTime "14:25:52 PDT"]
[Termination "NateSolon won by checkmate"]

1. d4 c6 2. Nf3 h6 3. e4 d5 4. Nc3 Nf6 5. e5 Ne4 6. Bd3 Bf5 7.
Qe2 Nxc3 8. bxc3 Bxd3 9. cxd3 e6 10. O-O Be7 11. Nd2 O-O 12. f4 c5 13. dxc5 Bxc5+ 14. d4 Be7 15. f5 Bg5 16. Qg4 exf5 17. Rxf5 Nc6 18. Nf3 Bxc1 19. Rxc1 Ne7 20. Rh5 Ng6 21. e6 Qf6 22. Re1 Qf4 23. exf7+ Qxf7 24. Rf1 Nf4 25.
Rxh6 Rae8 26. Rh7 Ne2+ 27. Kh1 Re4 28. Qh3 Qf4 29. Rh8+ Kf7 30. Ng5+ Kg6 31. Qh5+ Kf5 32. Rxf8# 1-0

[Event "*** Titled Tuesday Blitz"]
[Site "Chess.com"]
[Date "2019.05.07"]
[Round "6"]
[White "WeAintSurePal"]
[Black "Zarikovs1999"]
[Result "1-0"]
[WhiteElo "2242"]
[BlackElo "2546"]
[TimeControl "180+2"]
[EndTime "14:25:56 PDT"]
[Termination "WeAintSurePal won by resignation"]

1. d4 Nf6 2. Nf3 c5 3. c3 g6 4. Bg5 Bg7 5. e3 O-O 6. Nbd2 b6 7. Be2 Bb7 8. O-O d6 9. a4 a6 10. Qb3 Qc7 11. h3 Nc6 12. Rfe1 Rfe8 13. Bxf6 Bxf6 14. Nc4 Rab8 15. Qxb6 Qd7 16. d5 Nd8 17. Qa7 Ra8 18.
Nb6 Rxa7 19. Nxd7 Bg7 20. Nb6 e5 21. e4 f5 22. Bd3 fxe4 23. Bxe4 Nf7 24. b4 cxb4 25.
cxb4 a5 26. b5 Bf6 27. Rac1 Bd8 28. Nc4 Ra8 29. Ne3 Bb6 30. Nc4 Bc5 31. Rc2 Kg7 32.
Rec1 Rec8 33. Ncxe5 Bxf2+ 34. Kxf2 Nxe5 35. Nxe5 dxe5 36. Rc7+ Kf6 37. Rxc8 Rxc8 38. Rxc8 Bxc8 39. b6 Bb7 40. Ke3 Ke7 41. d6+ 1-0